TOP OF THE 1ST |
Arkansas Razorbacks batting - Pitching for South Florida Bulls : LHP David Bryant
|
Pitching: LHP David Bryant
|
|
Batting: LHB Octávio Otero
|
0-0: Ball 1-0: Ball 2-0: Foul Ball, location: 2F 2-1: Ball 3-1: Foul Ball, location: 2F 3-2: Ground out 1-3 (Groundball, 15S)
|
Batting: LHB Jerry Casillas
|
0-0: SINGLE (Groundball, 3S) (infield hit)
|
Batting: RHB Wayne Workman
|
0-0: Ball 1-0: Swinging Strike 1-1: Ball 2-1: Called Strike 2-2: Strikes out swinging
|
Batting: LHB Phil Bishop
|
0-0: Fly out, F4 (Flyball, 4D)
|
Top of the 1st over - 0 run(s), 1 hit(s), 0 error(s), 1 left on base; Arkansas 0 - South Florida 0 |
BOTTOM OF THE 1ST |
South Florida Bulls batting - Pitching for Arkansas Razorbacks : RHP Luis Aponte
|
Pitching: RHP Luis Aponte
|
|
Batting: RHB Ronnie Rogers
|
0-0: Fly out, F9 (Flyball, 9S)
|
Batting: LHB Don Glassman
|
0-0: Foul Ball, location: 2F 0-1: SOLO HOME RUN (Flyball, 9LD), Distance : 328 ft
|
Batting: RHB Víctor Pérez
|
0-0: Foul Ball, location: 2F 0-1: Foul Ball, location: 2F 0-2: Ball 1-2: Foul Ball, location: 2F 1-2: Foul Ball, location: 2F 1-2: Strikes out swinging
|
Batting: LHB Bill McHone
|
0-0: Ball 1-0: Ball 2-0: Ball 3-0: Base on Balls
|
Batting: LHB Roland Nelson
|
0-0: Called Strike 0-1: Ball 1-1: Ball 2-1: Ball 3-1: Base on Balls Bill McHone to second
|
Batting: RHB John Russell
|
0-0: Ball 1-0: Foul Ball, location: 2F 1-1: Foul Ball, location: 2F 1-2: Ball 2-2: Foul Ball, location: 2F 2-2: Foul Ball, location: 2F 2-2: Foul Ball, location: 2F 2-2: Reached via error on a dropped throw, E4 Bill McHone to third Roland Nelson to second
|
Batting: RHB Tyson Holder
|
0-0: Fielders Choice at 2nd, 6-4 (Groundball, 56)
|
Bottom of the 1st over - 1 run(s), 1 hit(s), 1 error(s), 2 left on base; Arkansas 0 - South Florida 1 |
TOP OF THE 2ND |
Arkansas Razorbacks batting - Pitching for South Florida Bulls : LHP David Bryant
|
Batting: RHB Hank Brown
|
0-0: Ball 1-0: Ball 2-0: Called Strike 2-1: Ball 3-1: SINGLE (Groundball, 6MD)
|
Batting: RHB Kyle Younger
|
0-0: Ball 1-0: Swinging Strike Hank Brown is caught stealing 2nd base 1-1: Ball 2-1: DOUBLE (Flyball, 9D)
|
Batting: RHB Melvin Nelson
|
0-0: Ball 1-0: Foul Ball, location: 2F 1-1: Ball 2-1: Foul Ball, location: 2F 2-2: Foul Ball, location: 2F 2-2: Ball 3-2: Strikes out looking
|
Batting: RHB Peter Bannatyne
|
0-0: Called Strike 0-1: Ball 1-1: Ball 2-1: Fly out, F9 (Flyball, 9D)
|
Top of the 2nd over - 0 run(s), 2 hit(s), 0 error(s), 1 left on base; Arkansas 0 - South Florida 1 |
BOTTOM OF THE 2ND |
South Florida Bulls batting - Pitching for Arkansas Razorbacks : RHP Luis Aponte
|
Batting: SHB Troy Holland
|
0-0: Ball 1-0: Called Strike 1-1: Ball 2-1: SINGLE (Groundball, 4D)
|
Batting: LHB Martin Ortíz
|
0-0: Ball 1-0: Ball 2-0: Ball 3-0: Base on Balls Troy Holland to second
|
Batting: RHB Ronnie Rogers
|
0-0: Called Strike 0-1: Fly out, F8 (Flyball, 8LM)
|
Batting: LHB Don Glassman
|
0-0: Ball 1-0: Ball 2-0: Foul Ball, location: 2F 2-1: Ball 3-1: Called Strike 3-2: Grounds into double play, 4-6-3 (Groundball, 4M)
|
Bottom of the 2nd over - 0 run(s), 1 hit(s), 0 error(s), 1 left on base; Arkansas 0 - South Florida 1 |
TOP OF THE 3RD |
Arkansas Razorbacks batting - Pitching for South Florida Bulls : LHP David Bryant
|
Batting: RHB Ken Long
|
0-0: Called Strike 0-1: Ball 1-1: Foul Ball, location: 2F 1-2: Ball 2-2: Ball 3-2: Strikes out swinging
|
Batting: LHB Octávio Otero
|
0-0: Called Strike 0-1: Foul Ball, location: 2F 0-2: Ball 1-2: Foul Ball, location: 2F 1-2: Ball 2-2: SINGLE (Groundball, 6D)
|
Batting: LHB Jerry Casillas
|
0-0: Called Strike 0-1: Ball 1-1: Ball Octávio Otero steals 2nd base 2-1: Called Strike 2-2: Ground out 4-3 (Groundball, 4) Octávio Otero to third
|
Batting: RHB Wayne Workman
|
0-0: Ball 1-0: SINGLE (Line Drive, 5) Octávio Otero scores
|
Batting: LHB Phil Bishop
|
0-0: Ball 1-0: SINGLE (Line Drive, 34D) Wayne Workman to second
|
Batting: RHB Hank Brown
|
0-0: Called Strike 0-1: Fly out, F9 (Flyball, 9S)
|
Top of the 3rd over - 1 run(s), 3 hit(s), 0 error(s), 2 left on base; Arkansas 1 - South Florida 1 |
BOTTOM OF THE 3RD |
South Florida Bulls batting - Pitching for Arkansas Razorbacks : RHP Luis Aponte
|
Batting: RHB Víctor Pérez
|
0-0: Foul Ball, location: 2F 0-1: Ground out 5-3 (Groundball, 56)
|
Batting: LHB Bill McHone
|
0-0: Ball 1-0: Ball 2-0: Swinging Strike 2-1: Called Strike 2-2: Ball 3-2: Base on Balls
|
Batting: LHB Roland Nelson
|
0-0: Ball 1-0: Ball 2-0: Ball 3-0: Base on Balls Bill McHone to second
|
Batting: RHB John Russell
|
0-0: Foul Ball, location: 2F 0-1: Ball 1-1: Ball 2-1: Ball 3-1: Fly out, F5 (Line Drive, 5)
|
Batting: RHB Tyson Holder
|
0-0: Called Strike 0-1: Fly out, F8 (Flyball, 89S)
|
Bottom of the 3rd over - 0 run(s), 0 hit(s), 0 error(s), 2 left on base; Arkansas 1 - South Florida 1 |
TOP OF THE 4TH |
Arkansas Razorbacks batting - Pitching for South Florida Bulls : LHP David Bryant
|
Batting: RHB Kyle Younger
|
0-0: Called Strike 0-1: Ground out 5-3 (Groundball, 56S)
|
Batting: RHB Melvin Nelson
|
0-0: Ball 1-0: Ground out 6-3 (Groundball, 6)
|
Batting: RHB Peter Bannatyne
|
0-0: Ball 1-0: Ball 2-0: Ball 3-0: Called Strike 3-1: Base on Balls
|
Batting: RHB Ken Long
|
0-0: Swinging Strike 0-1: Ball 1-1: Ball 2-1: Fielders Choice at 2nd, 4-6 (Groundball, 4D)
|
Top of the 4th over - 0 run(s), 0 hit(s), 0 error(s), 0 left on base; Arkansas 1 - South Florida 1 |
BOTTOM OF THE 4TH |
South Florida Bulls batting - Pitching for Arkansas Razorbacks : RHP Luis Aponte
|
Batting: SHB Troy Holland
|
0-0: Ball 1-0: Ball 2-0: Called Strike 2-1: Swinging Strike 2-2: Fly out, F8 (Flyball, 8LD)
|
Batting: LHB Martin Ortíz
|
0-0: Ball 1-0: Called Strike 1-1: Ball 2-1: Ball 3-1: Foul Ball, location: 2F 3-2: Foul Ball, location: 2F 3-2: Base on Balls
|
Batting: RHB Ronnie Rogers
|
0-0: Called Strike Martin Ortíz steals 2nd base 0-1: Ball 1-1: Called Strike 1-2: Ground out 6-3 (Groundball, 6) Martin Ortíz to third
|
Batting: LHB Don Glassman
|
0-0: Called Strike 0-1: Ball 1-1: Ground out 4-3 (Groundball, 4)
|
Bottom of the 4th over - 0 run(s), 0 hit(s), 0 error(s), 1 left on base; Arkansas 1 - South Florida 1 |
TOP OF THE 5TH |
Arkansas Razorbacks batting - Pitching for South Florida Bulls : LHP David Bryant
|
Batting: LHB Octávio Otero
|
0-0: Foul Ball, location: 2F 0-1: Ball 1-1: Ball 2-1: Swinging Strike 2-2: Ground out 4-3 (Groundball, 4)
|
Batting: LHB Jerry Casillas
|
0-0: Ball 1-0: Ball 2-0: Ball 3-0: Base on Balls
|
Batting: RHB Wayne Workman
|
0-0: Called Strike 0-1: Ball 1-1: Grounds into double play, 4-6-3 (Groundball, 4)
|
Top of the 5th over - 0 run(s), 0 hit(s), 0 error(s), 0 left on base; Arkansas 1 - South Florida 1 |
BOTTOM OF THE 5TH |
South Florida Bulls batting - Pitching for Arkansas Razorbacks : RHP Luis Aponte
|
Pitching: RHP Joe Reed
|
|
Batting: RHB Víctor Pérez
|
0-0: Called Strike 0-1: Ball 1-1: Called Strike 1-2: Ball 2-2: Strikes out swinging
|
Batting: LHB Bill McHone
|
0-0: Called Strike 0-1: Ball 1-1: Ball 2-1: Foul Ball, location: 2F 2-2: Ground out 6-3 (Groundball, 6)
|
Batting: LHB Roland Nelson
|
0-0: Called Strike 0-1: Foul Ball, location: 2F 0-2: Ball 1-2: Ball 2-2: Strikes out looking
|
Bottom of the 5th over - 0 run(s), 0 hit(s), 0 error(s), 0 left on base; Arkansas 1 - South Florida 1 |
TOP OF THE 6TH |
Arkansas Razorbacks batting - Pitching for South Florida Bulls : LHP David Bryant
|
Pitching: RHP Charlie Madison
|
|
Batting: LHB Phil Bishop
|
0-0: Ball 1-0: Called Strike 1-1: Ball 2-1: Ball 3-1: Foul Ball, location: 2F 3-2: Foul Ball, location: 2F 3-2: Strikes out swinging
|
Batting: RHB Hank Brown
|
0-0: Called Strike 0-1: Ball 1-1: Ball 2-1: Foul Ball, location: 2F 2-2: Ball 3-2: Foul Ball, location: 2F 3-2: Strikes out swinging
|
Batting: RHB Kyle Younger
|
0-0: Ball 1-0: Ball 2-0: Ground out 5-3 (Groundball, 5)
|
Top of the 6th over - 0 run(s), 0 hit(s), 0 error(s), 0 left on base; Arkansas 1 - South Florida 1 |
BOTTOM OF THE 6TH |
South Florida Bulls batting - Pitching for Arkansas Razorbacks : RHP Joe Reed
|
Batting: RHB John Russell
|
0-0: Ball 1-0: Called Strike 1-1: Ball 2-1: Foul Ball, location: 2F 2-2: Foul Ball, location: 2F 2-2: Foul Ball, location: 2F 2-2: Ground out 4-3 (Groundball, 4)
|
Batting: RHB Tyson Holder
|
0-0: Called Strike 0-1: Ground out 4-3 (Groundball, 4)
|
Batting: SHB Troy Holland
|
0-0: SINGLE (Groundball, 56) (infield hit)
|
Batting: LHB Martin Ortíz
|
0-0: Ball 1-0: 2-RUN HOME RUN (Flyball, 8RXD), Distance : 398 ft
|
Pitching: RHP Eric Klein
|
|
Batting: RHB Ronnie Rogers
|
0-0: Ball 1-0: Ball 2-0: Ball 3-0: Base on Balls
|
Batting: LHB Don Glassman
|
0-0: Ball 1-0: Ground out 1-3 (Groundball, 13)
|
Bottom of the 6th over - 2 run(s), 2 hit(s), 0 error(s), 1 left on base; Arkansas 1 - South Florida 3 |
TOP OF THE 7TH |
Arkansas Razorbacks batting - Pitching for South Florida Bulls : RHP Charlie Madison
|
Batting: RHB Melvin Nelson
|
0-0: Ground out 5-3 (Groundball, 5)
|
Batting: RHB Peter Bannatyne
|
0-0: Ball 1-0: Foul Ball, location: 2F 1-1: Ball 2-1: Foul Ball, location: 2F 2-2: Ball 3-2: SINGLE (Line Drive, 78S)
|
Batting: RHB Ken Long
|
0-0: Called Strike 0-1: Swinging Strike 0-2: Foul Ball, location: 2F 0-2: Strikes out looking
|
Batting: LHB Octávio Otero
|
0-0: Ball 1-0: Ball 2-0: Foul Ball, location: 2F 2-1: Swinging Strike 2-2: Strikes out swinging
|
Top of the 7th over - 0 run(s), 1 hit(s), 0 error(s), 1 left on base; Arkansas 1 - South Florida 3 |
BOTTOM OF THE 7TH |
South Florida Bulls batting - Pitching for Arkansas Razorbacks : RHP Eric Klein
|
Batting: RHB Víctor Pérez
|
0-0: Called Strike 0-1: Foul Ball, location: 2F 0-2: Foul Ball, location: 2F 0-2: Ball 1-2: Foul Ball, location: 2F 1-2: Foul Ball, location: 2F 1-2: Foul Ball, location: 2F 1-2: Foul Ball, location: 2F 1-2: Ball 2-2: Ground out 1-3 (Groundball, 13S)
|
Batting: LHB Bill McHone
|
0-0: Foul Ball, location: 2F 0-1: Ball 1-1: Ball 2-1: Called Strike 2-2: Ball 3-2: Foul Ball, location: 2F 3-2: Base on Balls
|
Pitching: LHP Henry Pacheco
|
|
Batting: LHB Roland Nelson
|
0-0: Ball 1-0: Ball 2-0: Called Strike 2-1: Foul Ball, location: 2F 2-2: Foul Ball, location: 2F 2-2: Ball 3-2: Strikes out swinging
|
Pitching: LHP Rich Marshall
|
|
Batting: RHB John Russell
|
0-0: Fly out, F8 (Flyball, 8RD)
|
Bottom of the 7th over - 0 run(s), 0 hit(s), 0 error(s), 1 left on base; Arkansas 1 - South Florida 3 |
TOP OF THE 8TH |
Arkansas Razorbacks batting - Pitching for South Florida Bulls : RHP Charlie Madison
|
Batting: LHB Jerry Casillas
|
0-0: Called Strike 0-1: Ball 1-1: Foul Ball, location: 2F 1-2: Ball 2-2: Strikes out swinging
|
Batting: RHB Wayne Workman
|
0-0: Called Strike 0-1: Ball 1-1: Fly out, F8 (Flyball, 8LM)
|
Batting: LHB Phil Bishop
|
0-0: Called Strike 0-1: Swinging Strike 0-2: Ball 1-2: Ground out 6-3 (Groundball, 6)
|
Top of the 8th over - 0 run(s), 0 hit(s), 0 error(s), 0 left on base; Arkansas 1 - South Florida 3 |
BOTTOM OF THE 8TH |
South Florida Bulls batting - Pitching for Arkansas Razorbacks : LHP Rich Marshall
|
Batting: RHB Tyson Holder
|
0-0: Ball 1-0: Called Strike 1-1: Ball 2-1: Ball 3-1: Foul Ball, location: 2F 3-2: Foul Ball, location: 2F 3-2: Base on Balls
|
Batting: SHB Troy Holland
|
0-0: Bunted foul 0-1: Sac Bunt - play at first, batter OUT! 1-4 Tyson Holder to second
|
Batting: LHB Martin Ortíz
|
0-0: Ball 1-0: Called Strike 1-1: Ball 2-1: Foul Ball, location: 2F 2-2: Ball 3-2: Ground out U3 (Groundball, 3) Tyson Holder to third
|
Batting: RHB Ronnie Rogers
|
0-0: Called Strike 0-1: Foul Ball, location: 2F 0-2: Strikes out swinging
|
Bottom of the 8th over - 0 run(s), 0 hit(s), 0 error(s), 1 left on base; Arkansas 1 - South Florida 3 |
TOP OF THE 9TH |
Arkansas Razorbacks batting - Pitching for South Florida Bulls : RHP Charlie Madison
|
Pitching: RHP Xi-tong Shi
|
|
Batting: RHB Hank Brown
|
0-0: Ball 1-0: Foul Ball, location: 2F 1-1: SOLO HOME RUN (Flyball, 78XD), Distance : 378 ft
|
Batting: RHB Kyle Younger
|
0-0: Called Strike 0-1: Fly out, F8 (Flyball, 89M)
|
Pinch Hitting: RHB Stuart Mitchell
|
0-0: Swinging Strike 0-1: Foul Ball, location: 2F 0-2: Ball 1-2: Foul Ball, location: 2F 1-2: Ball 2-2: Strikes out swinging
|
Batting: RHB Peter Bannatyne
|
0-0: Swinging Strike 0-1: Ball 1-1: Ball 2-1: SOLO HOME RUN (Flyball, 7D), Distance : 365 ft
|
Pitching: RHP Thomas Hoffman
|
|
Batting: RHB Ken Long
|
0-0: Called Strike 0-1: Ball 1-1: Foul Ball, location: 2F 1-2: Foul Ball, location: 2F 1-2: Ball 2-2: Ball 3-2: Strikes out swinging
|
Top of the 9th over - 2 run(s), 2 hit(s), 0 error(s), 0 left on base; Arkansas 3 - South Florida 3 |
BOTTOM OF THE 9TH |
South Florida Bulls batting - Pitching for Arkansas Razorbacks : LHP Rich Marshall
|
Now at C: Conan Brown
|
|
Batting: LHB Don Glassman
|
0-0: Ball 1-0: Swinging Strike 1-1: SOLO HOME RUN (Flyball, 9D), Distance : 358 ft
|
Tuesday, August 8th, 2017 - OOTP Baseball 17.12 Build 75
|
|